 Dungeon Crawl Stone Soup version 0.28.0-45-g0d030f2227 (webtiles) character file.

Game seed: 5247976212951991157

36 Icepheonix32 the Skirmisher (level 3, -4/29 HPs)
             Began as a Demonspawn Fighter on Apr 7, 2022.
             Slain by Sigmund
             ... wielding a +0 scythe
              (8 damage)
             ... on level 2 of the Dungeon.
             The game lasted 00:00:56 (1039 turns).

Icepheonix32 the Skirmisher (Demonspawn Fighter)    Turns: 1039, Time: 00:00:56

Health: -4/29      AC:  6    Str: 18    XL:     3   Next: 19%
Magic:  3/3        EV:  9    Int:  9    God:
Gold:   53         SH:  0    Dex: 18    Spells: 2/2 levels left

rFire   . . .      SeeInvis .   a - +0 long sword
rCold   . . .      Faith    .   c - +0 buckler
rNeg    . . .      Spirit   .   b - +0 scale mail
rPois   .          Reflect  .   (helmet restricted)
rElec   .          Harm     .   (no cloak)
rCorr   .          Rampage  .   (no gloves)
Will    .....                   (no boots)
Stlth   ..........              (no amulet)
HPRegen 0.09/turn               f - +6 ring of dexterity
MPRegen 0.16/turn               (no ring)

@: confused, mighty
A: horns 1, magic regeneration
a: no special abilities


You were on level 2 of the Dungeon.
You visited 1 branch of the dungeon, and saw 2 of its levels.

You collected 53 gold pieces.

Inventory:

Hand Weapons
 a - a +0 long sword (weapon)
Missiles
 e - 4 boomerangs (quivered)
Armour
 b - a +0 scale mail (worn)
 c - a +0 buckler (worn)
Jewellery
 f - a +6 ring of dexterity (left hand)
Scrolls
 g - 2 scrolls of blinking {unknown}
 h - 3 scrolls of identify {unknown}
 i - a scroll of vulnerability {unknown}


   Skills:
 + Level 3.3 Fighting
 * Level 2.4 Long Blades
 + Level 3.0 Armour
 + Level 2.9 Shields


You had 2 spell levels left.
You didn't know any spells.
Your spell library contained the following spells:

 Spells                   Type           Power      Damage    Failure   Level
 Airstrike                Air            0%         N/A       100%        4
 Summon Lightning Spire   Summ/Air       0%         N/A       100%        4
 Lightning Bolt           Conj/Air       0%         1d11      100%        5


Dungeon Overview and Level Annotations

Branches:
Dungeon (2/15)

Altars:

Shops:
D:1 =

Annotations:
D:2 Sigmund


Innate Abilities, Weirdness & Mutations

You have a pair of small horns on your head.
You regenerate magic rapidly.


Message History

No target in view!
No target in view!
No target in view!
No target in view!
No target in view!
No target in view!
No target in view!
Sigmund the Dreaded comes into view.
He is wielding a +0 scythe and wearing a +2 robe of positive energy.
Sigmund shouts!
Sigmund is nearby!
Sigmund hits you from afar with a +0 scythe.
A worm comes into view.
You block Sigmund's attack.
You closely miss Sigmund. Your headbutt misses Sigmund.
Sigmund gestures at you while chanting. You resist with significant effort.
You feel very mighty all of a sudden. Sigmund gestures at you while chanting.
You resist with significant effort.
You barely miss Sigmund. Your headbutt misses Sigmund.
Sigmund casts a spell.
Sigmund flickers and vanishes!
Deactivating autopickup; reactivate with Ctrl-A.
You block something's attack. You block the worm's attack. Something hits you.
You slash the worm!
The worm is heavily wounded.
You block the worm's attack.
You slash the worm!
You kill the worm!
Something hits you! Something hits you!
* * * LOW HITPOINT WARNING * * *
You closely miss something.
You hear some strange, mumbled words.
You are confused.
You closely miss something. Something hits you but does no damage.
Unknown command.
You closely miss something. Something hits you!
You die...

.##.##..# .......# #.
#..##.# #
#.####..##.###.###
######.#...............
.........##...#..##.##
..............#..#
..........†...#.{#
..........#####.@#
≈≈.......†# #.....#
..≈.......###.....#
..≈..≈≈...≈##.......
)≈..≈..≈..≈≈##......#
.≈.⌠≈..≈..≈≈##...#..#
≈..≈⌠.≈...≈≈##...#..#
≈..≈..≈..≈≈≈##...#..#
.≈≈..≈..≈≈≈##


There were no monsters in sight!

Vanquished Creatures
  An adder (D:2)
  A worm (D:2)
  5 ball pythons
  2 bats (D:2)
  An endoplasm (D:1)
  A giant cockroach (D:1)
  2 hobgoblins (D:1)
  6 kobolds
  3 frilled lizards
  2 goblins (D:1)
24 creatures vanquished.

Notes
Turn   | Place    | Note
-------+----------+-------------------------------------------
     0 | D:1      | Icepheonix32 the Demonspawn Fighter began the quest for the
                  | Orb.
     0 | D:1      | Reached XP level 1. HP: 18/18 MP: 1/1
   181 | D:1      | Found Vorirch's Jewellery Emporium.
   198 | D:1      | Gained mutation: You regenerate magic rapidly. [demonic
                  | ancestry]
   198 | D:1      | Reached XP level 2. HP: 21/24 MP: 2/2
   785 | D:1      | Found a faded altar of an unknown god.
   900 | D:2      | Gained mutation: You have a pair of small horns on your
                  | head. [demonic ancestry]
   900 | D:2      | Reached XP level 3. HP: 29/29 MP: 3/3
  1026 | D:2      | Noticed Sigmund
  1039 | D:2      | Slain by Sigmund

Illustrated notes

Levels and vault maps discovered:
D:1:      lemuel_arrival_rhombus, layout_basic, serial_shops, shop,
          shapermc_ecumenical_altar_petra
D:2:      cheibrodos_helix_gallery, layout_basic, kennysheep_generic_room_3,
          uniq_sigmund

Skill      XL: |  1  2 |
---------------+-------+-----
Long Blades    | 2 |  2.4
Armour         | 3 |  3.0
Fighting       | |  3.3
Shields        | |  2.9

Action                   || total
-------------------------++-------
Melee: Long sword        ||    70
       Headbutt          ||     3
  Use: Potion            ||     1
Armor: Scale mail        ||    24
Dodge: Dodged            ||    22
Block: Buckler           ||    21
